Map: Honorgrounds LE

Players

Musumeci

  • Race: Zerg Zerg
  • League: Diamond
  • Spawn Location: 1:00

Maya - Winner!

  • Race: Zerg Zerg
  • League: Diamond
  • Spawn Location: 11:00

VOD

Have the link to the VOD?

Description

Time

  • Played on: March 8, 2017, 3:09 p.m.
  • Length: 7:32
Show
View Real Time Build Order
Export as new Build Order

Musumeci Zerg 

Build Orders: Hatch First 

Get SALT Encoding   

  12  0:00  Drone  
  13  0:08  Drone  
  14  0:22  Drone, Extractor  
  14  0:24  Drone, Extractor  
  16  0:45  Hatchery  
  15  0:53  Extractor  
  15  0:55  Drone, Extractor  
  15  1:08  Spawning Pool  
  14  1:15  Overlord  
  14  1:34  Drone x3  
  17  1:54  Zergling x2  
  17  1:56  Queen  
  20  2:05  Metabolic Boost  
  20  2:12  Queen  
  22  2:18  Evolution Chamber  
  21  2:23  Zergling x2  
  23  2:30  Zergling x2  
  23  2:31  Zergling x4  
  26  2:41  Baneling Nest  
  26  2:42  Drone  
  26  2:58  Zergling x4  
  28  3:21  Overlord  
  28  3:25  Baneling x2  
  21  4:05  Zergling x18  
  30  4:14  Evolution Chamber  
  30  4:15  Drone  
  30  4:20  Zergling x2  
  30  4:21  Zergling x2  
  32  4:24  Baneling  
  32  4:25  Baneling  
  32  4:33  Zergling x2  
  32  4:34  Zergling x2  
  34  4:39  Zergling x2  
  34  4:40  Zergling x2  
  35  5:02  Zergling x2  
  35  5:03  Overlord  
  36  5:07  Zerg Ground Armor Level 1  
  31  5:34  Zergling x2  
  31  5:35  Zergling x18  
  40  5:37  Baneling x4  
  30  6:00  Zergling x12  
  30  6:11  Zergling x12  
  32  6:24  Zergling x2  
  32  6:25  Zergling x2  
  26  6:33  Zergling x6  
  26  6:37  Baneling x2  
  18  7:07  Zergling x2  
  18  7:08  Zergling x8  
Show
View Real Time Build Order
Export as new Build Order

Maya Zerg - Winner!

Build Orders: Hatch First 

Get SALT Encoding   

  12  0:01  Drone  
  13  0:13  Overlord  
  13  0:18  Drone  
  14  0:31  Drone x2  
  16  0:37  Drone  
  17  0:54  Hatchery  
  17  0:56  Drone  
  17  1:02  Drone  
  18  1:11  Extractor  
  18  1:17  Spawning Pool  
  16  1:19  Drone  
  16  1:22  Drone  
  18  1:29  Drone  
  19  1:42  Overlord  
  19  2:04  Zergling x4  
  19  2:05  Queen x2  
  25  2:08  Drone  
  25  2:14  Metabolic Boost  
  27  2:15  Drone  
  27  2:21  Drone  
  28  2:24  Drone  
  28  2:27  Drone  
  30  2:41  Hatchery  
  30  2:44  Drone  
  30  2:46  Zergling x2  
  30  2:50  Drone x2  
  33  2:57  Baneling Nest  
  32  2:58  Zergling x2  
  32  3:01  Zergling x2  
  34  3:08  Zergling x2  
  34  3:11  Drone  
  36  3:17  Overlord x2  
  35  3:29  Zergling x2  
  35  3:34  Zergling x2  
  35  3:38  Zergling x8  
  40  3:42  Zergling x2  
  41  3:51  Baneling x3  
  41  3:53  Zergling x10  
  41  3:54  Zergling x2  
  41  3:55  Zergling x4  
  49  3:56  Zergling x2  
  47  4:05  Queen, Zergling x4  
  47  4:08  Baneling x2  
  51  4:10  Zergling x2  
  51  4:12  Drone  
  52  4:19  Queen  
  54  4:28  Drone x2  
  54  4:29  Drone  
  57  4:31  Overlord  
  57  4:33  Overlord  
  57  4:53  Drone x2  
  57  4:56  Zergling x2  
  57  4:57  Zergling x14  
  64  5:00  Zergling x2  
  64  5:02  Baneling  
  64  5:03  Baneling x5  
  64  5:05  Zergling x2  
  66  5:07  Baneling  
  66  5:10  Zergling x4  
  67  5:22  Zergling x14  
  73  5:31  Overlord x2  
  73  5:36  Baneling x2  
  73  5:44  Roach Warren  
  72  5:52  Zergling x8  
  72  5:53  Zergling x4  
  60  6:08  Drone x3  
  60  6:09  Drone  
  62  6:14  Drone x2  
  62  6:16  Baneling x4  
  62  6:18  Drone x7  
  69  6:19  Drone x2  
  67  6:26  Extractor  
  64  6:33  Zergling x6  
  64  6:35  Baneling  
  64  6:36  Baneling  
  64  6:37  Zergling x2  
  66  6:51  Baneling x2  
  66  6:52  Zergling x14  
  66  6:53  Zergling x10  
  75  7:06  Zergling x6  
  76  7:11  Zergling x6  
  84  7:24  Extractor  
Tags
 
Add a new tag
Caveats
  • Supply blocks, unpowered buildings, or Contaminate may cause inaccurate times.
  • Supply counts are checked every 10 seconds.